 Dungeon Crawl Stone Soup version 0.31.0-7-gf635a9b802 (webtiles) character file.

Game seed: 3583724526861695902

281591 Warped the Brawler (level 20, -5/104 HPs)
             Began as a Vine Stalker Fighter on Jan 24, 2024.
             Was a High Priest of Cheibriados.
             Killed from afar by Ilsuiw (16 damage)
             ... with a shard of ice
             ... on level 4 of the Shoals.
             The game lasted 01:48:37 (34339 turns).

Warped the Brawler (Vine Stalker Fighter)          Turns: 34339, Time: 01:48:37

Health: -5/104     AC: 38    Str: 38    XL:     20   Next: 91%
Magic:  0/37       EV: 23    Int: 25    God:    Cheibriados [*****.]
Gold:   661        SH: 22    Dex: 37    Spells: 19/19 levels left

rFire   + .          .
                       - Unarmed
rCold   + . .        H - +0 kite shield {AC+3}
rNeg    . . .        x - +2 crystal plate armour {rC+}
rPois   +            b - +1 helmet {Int+3}
rElec   .            a - +1 cloak {rCorr}
rCorr   +            w - +0 pair of gloves {hurl}
SInv    .            U - +2 pair of boots
Will    +++..        N - amulet of reflection Stlth
                     s - ring of Qootaali {rPois Will+ MP+9}
HPRegen 1.17/turn    R - ring of Fotsew {rF+ Dex+5 Slay+2}
MPRegen 0.25/turn

%: reflection, guardian spirit
@: studying 2 skills, very slow
A: fangs 3, regeneration 1, magic shield, antimagic bite, no potion heal 2
}: 1/15 runes: serpentine
a: Renounce Religion, Bend Time, Temporal Distortion, Slouch, Step From Time


You were on level 4 of the Shoals.
You worshipped Cheibriados.
Cheibriados was extremely pleased with you.
You visited 9 branches of the dungeon, and saw 38 of its levels.
You visited 1 bazaar.
You also visited: Sewer and Ice Cave.

You collected 3406 gold pieces.
You spent 2745 gold pieces at shops.

Inventory:

Hand Weapons
 k - a +3 heavy sling
 L - the +5 morningstar "Abbiniak" {venom, rElec Int+5 Dex+3}
   (You found it on level 4 of the Shoals)

   Int+5:     It affects your intelligence (+5).
   Dex+3:     It affects your dexterity (+3).
   rElec:     It insulates you from electricity.
Missiles
 l - 310 stones
 n - 47 poisoned darts
 I - 14 curare-tipped darts (quivered)
 P - 14 throwing nets
Armour
 a - a +1 cloak of preservation (worn)
 b - a +1 helmet of intelligence (worn)
 t - a +0 tower shield
 w - a +0 pair of gloves of hurling (worn)
 x - a +2 crystal plate armour of cold resistance (worn)
 C - the +0 fire dragon scales of Resonance {rF++ rC- rN+ Str-4 Int+3 Dex+4 Stlth+}
   (You found it on level 4 of the Shoals)

   Str-4:     It affects your strength (-4).
   Int+3:     It affects your intelligence (+3).
   Dex+4:     It affects your dexterity (+4).
   rF++:      It greatly protects you from fire.
   rC-:       It makes you vulnerable to cold.
   rN+:       It protects you from negative energy.
   Stlth+:    It makes you more stealthy.
 F - +1 swamp dragon scales
 H - a +0 kite shield of protection (worn)
 U - a +2 pair of boots (worn)
Jewellery
 o - a ring of fire
 s - the ring of Qootaali (left hand) {rPois Will+ MP+9}
   (You took it off a centaur warrior on level 12 of the Dungeon)

   [ring of poison resistance]

   rPois:     It protects you from poison Will+: It increases your willpower.
   MP+9:      It affects your magic capacity (+9).
 u - a +5 ring of evasion
 y - an amulet of regeneration
 D - a ring of flight
 G - a ring of positive energy
 N - an amulet of reflection (around neck)
 O - a ring of resist corrosion
 R - the ring of Fotsew (right hand) {rF+ Dex+5 Slay+2}
   (You acquired it on level 4 of the Lair of Beasts)

   [ring of protection from fire]

   Dex+5:     It affects your dexterity (+5).
   Slay+2:    It affects your accuracy & damage with ranged weapons and melee
   (+2).
   rF+:       It protects you from fire.
 V - a ring of wizardry
Wands
 f - a wand of roots (31)
 r - a wand of quicksilver (2)
 Q - a wand of digging (6)
 W - a wand of charming (5)
Scrolls
 d - 13 scrolls of identify
 e - 9 scrolls of teleportation
 h - a scroll of brand weapon
 m - 3 scrolls of blinking
 A - 5 scrolls of fog
 B - 3 scrolls of fear
 M - 3 scrolls of revelation
Potions
 c - 11 potions of might
 i - a potion of attraction
 j - 10 potions of curing
 p - 6 potions of mutation
 v - 7 potions of cancellation
 E - a potion of ambrosia
 J - 2 potions of berserk rage
 T - 2 potions of brilliance
 X - 2 potions of enlightenment
 Y - 3 potions of lignification
 Z - 5 potions of invisibility
Miscellaneous
 q - a lightning rod (4/4)
 z - a phial of floods
 K - a sack of spiders (inert)
 S - a phantom mirror


   Skills:
 + Level 10.9 Fighting
 - Level 5.0 Ranged Weapons
 - Level 2.6 Throwing
 * Level 14.5 Armour
 * Level 14.4 Dodging
 + Level 13.7 Shields
 + Level 20.1 Unarmed Combat
 + Level 10.0 Invocations
 + Level 2.6 Evocations


You had 19 spell levels left.
You didn't know any spells.
Your spell library contained the following spells:

 Spells                   Type           Power      Damage    Failure   Level
 Foxfire                  Conj/Fire      0%         2x1d4     86%         1
 Kiss of Death            Conj/Necr      0%         2d5       86%         1
 Necrotise                Necr           0%         1d4       86%         1
 Sting                    Conj/Alch      0%         1d3       86%         1
 Summon Small Mammal      Summ           0%         N/A       86%         1
 Ensorcelled Hibernation  Hex/Ice        0%         N/A       95%         2
 Jinxbite                 Hex            0%         N/A       95%         2
 Static Discharge         Conj/Air       0%         3-3/arc   95%         2
 Call Canine Familiar     Summ           0%         N/A       99%         3
 Confusing Touch          Hex            0%         N/A       99%         3
 Fugue of the Fallen      Necr           0%         N/A       99%         3
 Gell's Gravitas          Tloc           0%         N/A       99%         3
 Inner Flame              Hex/Fire       0%         N/A       99%         3
 Ozocubu's Armour         Ice            0%         N/A       99%         3
 Passwall                 Erth           0%         N/A       99%         3
 Stone Arrow              Conj/Erth      0%         3d7       99%         3
 Summon Ice Beast         Ice/Summ       0%         N/A       99%         3
 Swiftness                Air            0%         N/A       99%         3
 Teleport Other           Tloc           0%         N/A       99%         3
 Tukima's Dance           Hex            0%         N/A       99%         3
 Vampiric Draining        Necr           0%         2d6       99%         3
 Airstrike                Air            0%         2d(0-16)  100%        4
 Animate Armour           Summ/Erth      0%         N/A       100%        4
 Animate Dead             Necr           0%         N/A       100%        4
 Dimensional Bullseye     Hex/Tloc       0%         N/A       100%        4
 Dispel Undead            Necr           0%         3d6       100%        4
 Flame Wave               Conj/Fire      0%         2d4       100%        4
 Iskenderun's Mystic Bla  Conj/Tloc      0%         2d3       100%        4
 Manifold Assault         Tloc           0%         N/A       100%        4
 Martyr's Knell           Necr/Summ      0%         N/A       100%        4
 Sticky Flame             Fire/Alch      0%         2d4       100%        4
 Summon Blazeheart Golem  Fire/Summ      0%         N/A       100%        4
 Summon Lightning Spire   Summ/Air       0%         N/A       100%        4
 Curse of Agony           Necr           0%         N/A       100%        5
 Lee's Rapid Deconstruct  Erth           0%         3d4*      100%        5
 Summon Mana Viper        Hex/Summ       0%         N/A       100%        5
 Yara's Violent Unravell  Hex/Alch       0%         3d3       100%        5
 Conjure Ball Lightning   Conj/Air       0%         3x3d6     100%        6
 Dispersal                Tloc           0%         N/A       100%        6
 Plasma Beam              Fire/Air       0%         2x1d10    100%        6
 Starburst                Conj/Fire      0%         6d3       100%        6
 Enfeeble                 Hex            0%         N/A       100%        7
 Haunt                    Necr/Summ      0%         N/A       100%        7
 Monstrous Menagerie      Summ           0%         N/A       100%        7
 Discord                  Hex            0%         N/A       100%        8
 Disjunction              Tloc           0%         N/A       100%        8
 Infestation              Necr           0%         N/A       100%        8
 Lehudib's Crystal Spear  Conj/Erth      0%         10d2      100%        8


Dungeon Overview and Level Annotations

Branches:
Dungeon (15/15)            Temple (1/1) D:7            Lair (5/5) D:8
 Shoals (4/4) Lair:2        Snake (4/4) Lair:2        Slime (1/5) Lair:4
    Orc (2/2) D:12            Elf (0/3) Orc:2        Vaults (5/5) D:13
  Crypt (1/3) Vaults:2     Depths (0/4) D:15          Sewer (visited)
  IceCv (visited)

Altars:
Ashenzari
Cheibriados
Dithmenos
Elyvilon
Fedhas
Gozag
Hepliaklqana
Kikubaaqudgha
Makhleb
Nemelex Xobeh
Okawaru
Qazlal
Ru
Sif Muna
Trog
Uskayaw
Vehumet
Wu Jian
Xom
Yredelemnul
Zin
The Shining One
Jiyva

Shops:
D:1 =   D:5 :   Orc:1 *!   Orc:2 *[(*   Snake:2 ([[:   Snake:4 =(   Vaults:1 :
Vaults:3 ?

Portals:
Trove: D:11 (give 15 scrolls of teleportation)

Annotations:
Shoals:4 Ilsuiw


Innate Abilities, Weirdness & Mutations

You have razor-sharp teeth.
Your natural rate of healing is unusually fast.
When hurt, damage is shared between your health and your magic reserves.
Your bite disrupts and absorbs the magic of your enemies.
Potions cannot restore your health.


Message History

Moving in this stuff is going to be slow.
You block the merfolk impaler's attack.
The merfolk javelineer throws a javelin.
The javelin misses you.
The merfolk javelineer throws a silver javelin.
The silver javelin completely misses you.
The merfolk javelineer throws a javelin.
The javelin pierces through you!!
* * * LOW HITPOINT WARNING * * *
You block the merfolk impaler's attack.
As you read the scroll of fear, it crumbles to dust.
You assume a fearsome visage.
The merfolk javelineer resists with some effort.
The merfolk javelineer looks frightened!
The merfolk impaler looks frightened!
The merfolk javelineer looks frightened!
The merfolk javelineer throws a javelin.
The javelin pierces through you!
* * * LOW HITPOINT WARNING * * *
Unknown command.
Blink to where?
Press: ? - help, Dir - move target Splash!
As you read the scroll of blinking, it crumbles to dust.
As you read the scroll of fog, it dissolves into smoke.
Something hits you but does no damage.
Aiming: Quicksilver Bolt
Press: ? - help, Shift-Dir - straight line
Aim: Disturbance (purple smoke)
Something closely misses you.
Unknown command.
Aiming: Quicksilver Bolt
Press: ? - help, Shift-Dir - straight line
Aim: Disturbance (purple smoke)
The bolt of dispelling energy hits something!!
Reactivating autopickup.
Ilsuiw's magical effects unravel!
Ilsuiw casts a spell at you. The shard of ice hits you!! You partially resist.
You die...

~#######..~~~##...≈...#~.........
#†.~#..##.~~~###.#.#.###.........
#...≈...##.~~##.≈.[.≈~#..........
#~.#.#.###~.~##~.#.#..##.........
##≈.).≈##~...##...≈...#..........
#~.#.#..#~...~##.##~.##~...m...~.
#...≈...#~.....#######..{.~m~~~~~
##..~~.###...~§####§##~~~~~~~~~~~
.#######.....~§§@§m§~~~~§~~~m~~~~
.~~#.##.....~~§§§§m§≈≈~~)~~m~~~≈≈
.~~~~~~....~≈≈≈§§§≈≈≈≈≈≈≈≈≈≈≈≈≈≈≈
~≈≈≈≈≈~~~~≈≈≈≈≈≈≈≈§≈≈≈≈≈≈≈≈≈≈≈≈≈≈
≈≈≈≈≈≈≈≈≈≈≈≈≈≈≈≈≈≈≈≈≈≈≈≈≈≈≈≈≈≈≈≈≈
≈≈≈≈≈≈≈≈≈≈≈≈≈≈≈≈≈≈≈≈≈≈≈≈≈≈≈≈≈≈≈≈
≈≈≈≈≈≈≈≈≈≈≈≈≈≈≈≈≈≈≈≈≈≈≈≈≈≈≈≈≈≈≈≈
################################


You could see Ilsuiw and a merfolk javelineer.

Vanquished Creatures
  Mara (Snake:4)
  Vashnia (Snake:4)
  Mlioglotl (Shoals:1)
  3 sphinxes
  Gastronok (Lair:1)
  Roxanne (D:15)
  8 nagarajas
  A revenant (Vaults:2)
  A fire giant (D:12)
  3 orc warlords
  A deep elf sorcerer (Vaults:2)
  7 vault wardens
  11 ironbound preservers
  A reaper (IceCv)
  A stone giant (Vaults:3)
  4 formless jellyfish
  12 ironbound thunderhulks
  The ghost of 00Nightcrawler the Fighter, a journeyman VSSh of Dithmenos (D:13)
  The ghost of Vadun the Grappler, a journeyman TrMo of Makhleb (Lair:2)
  A war gargoyle (Vaults:4)
  A dire elephant (Vaults:1)
  Azrael (D:15)
  3 ettins
  2 crystal guardians (Vaults:4)
  Snorg (D:14)
  6 merfolk javelineers
  14 merfolk impalers
  6 yaktaur captains
  A deep elf high priest (D:12)
  A fire dragon (D:15)
  Josephine (D:14)
  3 salamander tyrants (Snake:4)
  4 great orbs of eyes
  2 hydras
  3 peacekeepers
  2 catoblepae (D:13)
  An ice dragon (D:15)
  11 anacondas
  3 vault guards (Vaults:2)
  2 death knights
  4 centaur warriors
  6 merfolk aquamancers
  9 ironbound frosthearts
  6 merfolk avatars
  3 alligator snapping turtles
  3 two-headed ogres
  6 boulder beetles
  14 naga warriors
  3 satyrs
  7 death yaks
  5 orc high priests (Orc:2)
  Urug (Orc:1)
  A tengu warrior (D:13)
  11 naga sharpshooters
  2 vampire magi
  A soul eater (Vaults:2)
  4 salamander mystics
  6 shock serpents
  6 skysharks
  The ghost of olddryhag the Trooper, a novice DsGl of Uskayaw (D:9)
  7 skeletal warriors
  12 sea snakes
  20 deep trolls
  6 mana vipers
  7 arcanists
  2 glowing orange brains
  13 ironbound convokers
  A naga ritualist (Snake:2)
  A swamp dragon (shapeshifter) (D:13)
  9 lindwurms
  5 orc knights
  Pikel (D:5)
  A necromancer (Vaults:2)
  17 harpies
  3 deep elf pyromancers
  12 fauns
  17 manticores
  15 salamanders
  9 cyclopes
  18 ugly things
  7 orc sorcerers
  3 oklob plants
  A moth of wrath (shapeshifter) (D:13)
  6 merfolk sirens
  7 water nymphs
  22 elephants
  11 vault sentinels
  6 guardian serpents
  2 ice statues (IceCv)
  20 black mambas
  Joseph (Lair:1)
  9 naga magi
  A black draconian zombie (Crypt:1)
  Jeremiah (D:6)
  12 cane toads
  8 komodo dragons
  Maggie (D:6)
  4 rime drakes
  A rime drake (shapeshifter) (D:13)
  An unseen horror (D:10)
  32 yaktaurs
  2 freezing wraiths
  A yaktaur (shapeshifter) (Vaults:2)
  6 ice devils (IceCv)
  A tengu conjurer (D:13)
  5 harpy zombies (Shoals:3)
  31 merfolk
  A burning bush (Lair:5)
  5 trolls
  10 wind drakes
  3 polar bears
  2 hornets (Lair:5)
  Grinder (D:3)
  A tarantella (shapeshifter) (D:12)
  An elf simulacrum (Vaults:2)
  A dream sheep (shapeshifter) (D:14)
  5 dream sheep (Lair:3)
  17 blink frogs
  Prince Ribbit (D:7)
  21 slime creatures
  13 snapping turtles
  A centaur simulacrum (D:12)
  3 shadows
  A vampire (D:13)
  14 water elementals
  An elf zombie (Vaults:2)
  41 yaks
  11 wraiths
  9 wyverns
  A hog (shapeshifter) (D:15)
  4 steam dragons
  10 wargs
  6 fire elementals
  4 fire bats (D:9)
  14 vampire mosquitoes
  6 basilisks
  A death yak simulacrum (IceCv)
  Menkaure (D:4)
  Duvessa (D:5)
  A glowing shapeshifter zombie (Vaults:2)
  29 nagas
  Edmund (D:5)
  A hell hound (D:9)
  3 acid dragons
  15 water moccasins
  2 hydra simulacra (IceCv)
  A manticore zombie (Shoals:3)
  3 black bears
  A sky beast (D:7)
  5 ice beasts
  48 orc warriors
  2 ogres
  7 boggarts
  2 wolves
  10 centaurs
  A phantom (D:7)
  2 kobold brigands
  2 gnoll sergeants
  14 bullfrogs
  2 two-headed ogre simulacra (IceCv)
  Blork the orc (D:6)
  A cane toad simulacrum (IceCv)
  3 scorpions
  13 wights
  Dowan (D:5)
  2 elephant simulacra (IceCv)
  11 killer bees
  4 electric eels
  5 spriggan skeletons (D:10)
  A howler monkey (D:12)
  A troll skeleton (D:10)
  2 bombardier beetles
  2 lava snakes (D:9)
  7 hounds
  4 jellies
  2 gnoll boudas
  26 orc priests
  5 sleepcaps
  7 iguanas
  29 orc wizards
  2 troll simulacra (IceCv)
  A polar bear simulacrum (IceCv)
  6 spriggan simulacra (IceCv)
  25 gnolls
  3 river rats
  13 adders
  A naga simulacrum (IceCv)
  A shadow imp (D:8)
  5 white imps
  6 dart slugs
  4 ribbon worms
  94 orcs
  13 ball pythons
  11 endoplasms
  3 giant cockroaches
  8 goblins
  8 hobgoblins
  2 jackals (D:2)
  2 quokkas
  3 bats
  7 frilled lizards
  13 kobolds
  18 rats
1345 creatures vanquished.

Vanquished Creatures (collateral kills)
  A merfolk (Shoals:4)
1 creature vanquished.

Vanquished Creatures (others)
  A water elemental (Shoals:1)
  An orc wizard (Orc:2)
  An orc (Orc:2)
3 creatures vanquished.

Grand Total: 1349 creatures vanquished

Notes
Turn   | Place    | Note
-------+----------+-------------------------------------------
     0 | D:1      | Warped the Vine Stalker Fighter began the quest for the
                  | Orb.
     0 | D:1      | Reached XP level 1. HP: 11/11 MP: 2/2
   174 | D:1      | Reached XP level 2. HP: 13/16 MP: 1/3
   264 | D:1      | Found Fosikuq's Jewellery Emporium.
   648 | D:1      | Reached XP level 3. HP: 20/20 MP: 2/4
   757 | D:1      | Found a faded altar of an unknown god.
   761 | D:1      | Got Plato's Catalogue of Contamination
   985 | D:2      | Reached skill level 3 in Unarmed Combat
   985 | D:2      | Reached XP level 4. HP: 24/24 MP: 5/5
  1064 | D:2      | Found a stormy altar of Qazlal.
  1577 | D:3      | Reached XP level 5. HP: 18/28 MP: 3/6
  1746 | D:3      | Found a hide-covered altar of Uskayaw.
  1775 | D:3      | Noticed Grinder
  1801 | D:3      | Killed Grinder
  1802 | D:3      | Reached skill level 5 in Unarmed Combat
  1802 | D:3      | Reached XP level 6. HP: 8/33 MP: 1/7
  2166 | D:4      | Noticed Menkaure
  2224 | D:4      | Killed Menkaure
  2225 | D:4      | Reached XP level 7. HP: 25/38 MP: 5/8
  2354 | D:4      | Reached skill level 6 in Unarmed Combat
  2521 | D:4      | Found a glowing drain.
  2525 | Sewer    | Entered a sewer
  2762 | Sewer    | Reached skill level 5 in Fighting
  2978 | D:4      | Found a snail-covered altar of Cheibriados.
  2978 | D:4      | Found a sacrificial altar of Ru.
  3053 | D:4      | Reached skill level 7 in Unarmed Combat
  3106 | D:4      | Became a worshipper of Cheibriados the Contemplative
  3160 | D:5      | Entered Level 5 of the Dungeon
  3160 | D:5      | Found a bloodstained altar of Trog.
  3164 | D:5      | Gained mutation: You have razor-sharp teeth. [Vine Stalker
                  | growth]
  3164 | D:5      | Reached XP level 8. HP: 43/43 MP: 9/9
  3188 | D:5      | Noticed Edmund
  3197 | D:5      | Killed Edmund
  3198 | D:5      | Reached skill level 8 in Unarmed Combat
  3507 | D:5      | Noticed Dowan
  3645 | D:5      | Noticed Duvessa
  3653 | D:5      | Killed Duvessa
  3654 | D:5      | Reached skill level 9 in Unarmed Combat
  3659 | D:5      | Killed Dowan
  3680 | D:5      | Found Gakoc's Book Emporium.
  3834 | D:5      | Reached * piety under Cheibriados
  3900 | D:5      | Noticed Pikel
  3912 | D:5      | Killed Pikel
  3913 | D:5      | Reached skill level 10 in Unarmed Combat
  3913 | D:5      | Reached XP level 9. HP: 21/47 MP: 5/10
  4075 | D:6      | Found an opulent altar of Gozag.
  4236 | D:6      | Reached skill level 1 in Dodging
  4244 | D:6      | HP: 1/47 [orc/bolt of dispelling energy (15)]
  4414 | D:6      | Noticed Maggie
  4426 | D:6      | Killed Maggie
  4427 | D:6      | Reached skill level 11 in Unarmed Combat
  4602 | D:6      | Noticed Blork the orc
  4605 | D:6      | Noticed Jeremiah
  4609 | D:6      | Killed Blork the orc
  4623 | D:5      | Found a blossoming altar of Fedhas.
  4655 | D:6      | Killed Jeremiah
  4665 | D:6      | Reached ** piety under Cheibriados
  4666 | D:6      | Reached XP level 10. HP: 44/51 MP: 11/11
  5168 | D:7      | Found a staircase to the Ecumenical Temple.
  5247 | D:7      | Reached skill level 12 in Unarmed Combat
  5281 | D:7      | Reached *** piety under Cheibriados
  5718 | D:7      | Reached **** piety under Cheibriados
  6007 | D:7      | Noticed Prince Ribbit
  6011 | D:7      | Killed Prince Ribbit
  6117 | Temple   | Entered the Ecumenical Temple
  6144 | D:8      | Found a radiant altar of Vehumet.
  6367 | D:8      | Found a staircase to the Lair.
  7172 | D:9      | Reached skill level 5 in Armour
  7188 | D:9      | Reached skill level 1 in Invocations
  7273 | D:9      | Reached XP level 11. HP: 56/56 MP: 9/12
  7309 | D:9      | Noticed a two-headed ogre
  7316 | D:9      | Killed a two-headed ogre
  7528 | D:9      | Found a runed translucent door.
  7528 | D:9      | Noticed olddryhag's ghost (novice DsGl)
  7646 | D:9      | Reached skill level 5 in Shields
  7896 | D:9      | Reached skill level 13 in Unarmed Combat
  8227 | D:10     | Entered Level 10 of the Dungeon
  9067 | Lair:1   | Entered Level 1 of the Lair of Beasts
  9138 | Lair:1   | Noticed Joseph
  9144 | Lair:1   | Killed Joseph
  9180 | Lair:1   | Reached ***** piety under Cheibriados
  9368 | Lair:1   | Noticed Gastronok
  9381 | Lair:1   | Killed Gastronok
  9419 | Lair:1   | Reached skill level 5 in Dodging
  9430 | Lair:1   | Reached XP level 12. HP: 55/62 MP: 15/15
  9891 | Lair:2   | Noticed Vadun's ghost (journeyman TrMo)
  9899 | Lair:2   | Noticed a boulder beetle
  9926 | Lair:2   | Found a staircase to the Snake Pit.
 10151 | Lair:2   | Reached skill level 14 in Unarmed Combat
 10388 | Lair:2   | Found a staircase to the Shoals.
 10500 | Lair:2   | Found a runed translucent gate.
 10501 | Lair:2   | Found a runed translucent gate.
 10503 | Lair:2   | Found a runed translucent gate.
 10738 | Lair:3   | Noticed a skyshark
 10745 | Lair:3   | Killed a skyshark
 10746 | Lair:3   | Reached skill level 5 in Invocations
 10824 | Lair:3   | Reached XP level 13. HP: 65/65 MP: 18/18
 10990 | Lair:3   | Reached skill level 15 in Unarmed Combat
 11060 | Lair:3   | Reached ****** piety under Cheibriados
 12014 | Lair:4   | Reached skill level 16 in Unarmed Combat
 12115 | Lair:4   | Reached XP level 14. HP: 66/70 MP: 16/20
 12128 | Lair:4   | Found a staircase to the Slime Pits.
 12130 | Lair:4   | Found a viscous altar of Jiyva.
 12135 | Lair:4   | Identified a scroll of acquirement
 12419 | Slime:1  | Entered Level 1 of the Pits of Slime
 12419 | Slime:1  | Noticed a rockslime
 12475 | Snake:1  | Entered Level 1 of the Snake Pit
 12519 | Lair:5   | Entered Level 5 of the Lair of Beasts
 12570 | Lair:5   | Reached skill level 10 in Shields
 13244 | Lair:5   | Reached skill level 17 in Unarmed Combat
 13475 | Lair:5   | Acquired the ring of Fotsew {rF+ Dex+5 Slay+2}
 13869 | D:11     | Found a portal to a secret trove of treasure.
 14395 | D:12     | HP: 3/70 [large slime creature (15)]
 14721 | D:12     | Found a staircase to the Orcish Mines.
 15092 | D:12     | Noticed a sphinx
 15092 | D:12     | Noticed a fire giant
 15114 | D:12     | Killed a sphinx
 15142 | D:12     | Identified the ring of Qootaali {rPois Will+ MP+9}
 15145 | D:12     | Killed a fire giant
 15158 | D:12     | Reached XP level 15. HP: 50/74 MP: 17/23
 15210 | D:12     | Identified the +2 rapier of Integrity {flame, rC- Dex+4}
 15477 | D:12     | Reached skill level 18 in Unarmed Combat
 15562 | D:13     | Found a frozen archway.
 15777 | IceCv    | Entered an ice cave
 16445 | D:13     | Found an ancient bone altar of Kikubaaqudgha.
 16484 | D:13     | Found a gate to the Vaults.
 16808 | D:13     | Found a runed translucent door.
 16808 | D:13     | Noticed 00Nightcrawler's ghost (journeyman VSSh)
 17075 | D:13     | Killed 00Nightcrawler's ghost
 17229 | D:9      | Killed olddryhag's ghost
 17231 | D:9      | Identified the +8 short sword of Balance {flame, rC+ Int+5}
 17339 | Lair:2   | Killed Vadun's ghost
 17488 | D:14     | Noticed Snorg
 17494 | D:14     | Killed Snorg
 17580 | D:14     | Noticed Josephine
 17585 | D:14     | Killed Josephine
 17910 | D:15     | Entered Level 15 of the Dungeon
 17915 | D:15     | Noticed Roxanne
 17945 | D:15     | Killed Roxanne
 18131 | D:15     | Found a staircase to the Depths.
 18250 | D:15     | Noticed Azrael
 18264 | D:15     | Killed Azrael
 18456 | D:15     | Reached XP level 16. HP: 77/78 MP: 24/24
 19072 | Orc:1    | Entered Level 1 of the Orcish Mines
 19248 | Orc:1    | Found Batil's Bounteous Boutique.
 19249 | Orc:1    | Noticed Urug
 19258 | Orc:1    | Killed Urug
 19542 | Orc:1    | Found Joigul's Distillery.
 19552 | Orc:1    | Bought a potion of might for 64 gold pieces
 19597 | Orc:2    | Entered Level 2 of the Orcish Mines
 19607 | Orc:2    | Found Ruib's Retail Resort.
 20051 | Orc:2    | Found a staircase to the Elven Halls.
 20075 | Orc:2    | Paralysed by an orc sorcerer for 4 turns
 20355 | Orc:2    | Reached skill level 1 in Evocations
 20430 | Orc:2    | Found Mycsyrgh's General Store.
 20431 | Orc:2    | Found Zedesm's Jewellery Emporium.
 20434 | Orc:2    | Found Jowap's Antique Armour Shoppe.
 20434 | Orc:2    | Found Qiuzeammej's Antique Weapon Shoppe.
 20500 | Orc:2    | Bought a potion of might for 56 gold pieces
 20510 | Orc:2    | Bought a runed cloak for 187 gold pieces
 20523 | Orc:2    | Bought a runed scarf for 200 gold pieces
 21300 | Snake:1  | Identified the ring "Siokkiquxt" {rF+ Dex+3}
 21514 | Snake:1  | Found a shadowy altar of Dithmenos.
 21781 | Snake:2  | Found Geinus's Antique Armour Boutique.
 21857 | Snake:2  | Found Bomieh's Armour Shop.
 21885 | Snake:2  | Bought a +0 pair of gloves of hurling for 161 gold pieces
 22079 | Snake:2  | Found Zazxaefeato's Book Boutique.
 22098 | Snake:2  | Noticed a nagaraja
 22105 | Snake:2  | Killed a nagaraja
 22106 | Snake:2  | Reached skill level 19 in Unarmed Combat
 22395 | Snake:2  | Reached skill level 1 in Throwing
 22438 | Snake:2  | Reached skill level 10 in Armour
 22576 | Snake:2  | Identified the +2 short sword "Arcanum" {venom, Dex+2 SInv}
 22586 | Snake:2  | Reached XP level 17. HP: 85/85 MP: 25/25
 22606 | Snake:2  | Found Itzeneust's Antique Weapon Shoppe.
 23214 | Snake:3  | Reached skill level 10 in Dodging
 23480 | Snake:3  | Identified the +13 chain mail of an ossuary {rPois rF+
                  | rCorr Dex+3}
 23791 | Snake:4  | Entered Level 4 of the Snake Pit
 23883 | Snake:4  | Noticed Vashnia
 23885 | Snake:4  | Noticed Mara
 23894 | Snake:4  | Noticed Warped's illusion
 23895 | Snake:4  | Killed Mara
 24307 | Snake:4  | Killed Vashnia
 24521 | Snake:4  | Found Liutrir's Antique Weapon Boutique.
 24521 | Snake:4  | Found Rilef's Jewellery Shop.
 24804 | Snake:4  | Reached XP level 18. HP: 91/91 MP: 26/26
 24875 | Snake:4  | Got a serpentine rune of Zot
 25174 | Orc:2    | Bought a manual of Ranged Weapons for 1120 gold pieces
 25174 | Orc:2    | Bought an amulet of reflection for 420 gold pieces
 25232 | Orc:2    | Bought a glowing sling for 126 gold pieces
 25234 | Orc:2    | Bought a runed sling for 126 gold pieces
 25355 | Vaults:1 | Entered Level 1 of the Vaults
 25560 | Vaults:1 | Reached skill level 1 in Ranged Weapons
 25794 | Vaults:1 | Found Anid Ycs's Book Shoppe.
 26823 | Vaults:2 | Found a flickering gateway to a bazaar.
 26851 | Bazaar   | Entered a bazaar
 26851 | Bazaar   | Found Dinkozif's Antique Weapon Emporium.
 26851 | Bazaar   | Found Alu Ziecuiba's Antique Armour Emporium.
 26877 | Bazaar   | Found Syeloa's Magic Scroll Boutique.
 26903 | Bazaar   | Found Axibom's Jewellery Shoppe.
 26919 | Bazaar   | Found Akyts's General Store.
 26939 | Bazaar   | Bought a glowing helmet for 135 gold pieces
 26971 | Bazaar   | Bought a scroll of teleportation for 42 gold pieces
 27885 | Vaults:2 | Reached skill level 5 in Ranged Weapons
 28345 | Vaults:2 | Found a staircase to the Crypt.
 28352 | Crypt:1  | Entered Level 1 of the Crypt
 28360 | Crypt:1  | Reached XP level 19. HP: 94/95 MP: 27/27
 29083 | Vaults:3 | Found Huhiuder's Magic Scroll Shoppe.
 29086 | Vaults:3 | Bought a scroll of teleportation for 36 gold pieces
 29086 | Vaults:3 | Bought a scroll of teleportation for 36 gold pieces
 29086 | Vaults:3 | Bought a scroll of teleportation for 36 gold pieces
 29296 | Vaults:3 | Paralysed by a formless jellyfish for 1 turns
 29766 | Vaults:4 | Identified the +4 dagger "Beetlebane" {speed, rElec rF-
                  | rCorr}
 30287 | Vaults:4 | Reached skill level 10 in Fighting
 30642 | Vaults:5 | Entered Level 5 of the Vaults
 30642 | Vaults:5 | Noticed a golden dragon
 30642 | Vaults:5 | Noticed a golden dragon
 30909 | Shoals:1 | Entered Level 1 of the Shoals
 31198 | Shoals:1 | Reached XP level 20. HP: 43/102 MP: 4/28
 31347 | Shoals:1 | Noticed Mlioglotl
 31412 | Shoals:1 | Killed Mlioglotl
 32536 | Shoals:2 | Identified the +2 leather armour of the Realm of Zot {Will+
                  | Str+3}
 33245 | Shoals:3 | Reached skill level 20 in Unarmed Combat
 33382 | Shoals:4 | Entered Level 4 of the Shoals
 33447 | Shoals:4 | Identified the +5 morningstar "Abbiniak" {venom, rElec
                  | Int+5 Dex+3}
 33519 | Shoals:4 | Identified the +0 fire dragon scales of Resonance {rF++ rC-
                  | rN+ Str-4 Int+3 Dex+4 Stlth+}
 33690 | Shoals:4 | Noticed Ilsuiw
 33972 | Shoals:4 | Reached skill level 10 in Invocations
 34333 | Shoals:4 | HP: 5/104 [merfolk javelineer/javelin[Ilsuiw] (11)]
 34339 | Shoals:4 | Killed from afar by Ilsuiw

Illustrated notes

Levels and vault maps discovered:
D:1:      evilmike_arrival_plus, layout_basic,
          shapermc_ecumenical_altar_rom_forum, serial_shops, shop
D:2:      layout_rooms, basic_altar, minmay_pentomino_x4
D:3:      layout_loops_ring, lemuel_tele_altar, uniq_grinder
D:4:      layout_loops_ring, nicolae_overflow_two_pavilions,
          mainiacjoe_sewer_entry_somewhere_in_here_2, uniq_menkaure
D:5:      layout_gridville, nicolae_overflow_hidden_temple, serial_shops, shop,
          uniq_edmund, uniq_duvessa, uniq_pikel
D:6:      minmay_general_purpose_star, layout_loops_cross,
          mainiacjoe_overflow_small_starburst, uniq_maggie, uniq_jeremiah,
          uniq_blork_the_orc
D:7:      layout_basic, minmay_temple_entry_stoned_glass, uniq_prince_ribbit1
D:8:      layout_basic, mainiacjoe_overflow_cross_hatched, lair_entry_dummy
D:9:      layout_irregular_city, gammafunk_ghost_grave, hangedman_incinerator
D:10:     layout_loops_ring, hangedman_tell_no_tales
D:11:     layout_basic, nicolae_trove_entry_diagonal
D:12:     minmay_tile_spiral, layout_cross, david_orc_1_choice
D:13:     layout_roguey, david_vaults_2, ebering_ghost_inner_flame,
          portal_ice_cave_entry_pillars_2, kiku_gazebo_pond_becter
D:14:     layout_rooms, serial_library_hellmonk_room_c, uniq_josephine,
          uniq_snorg
D:15:     grunt_enter_depths_hoard, layout_loops_corners,
          chequers_serial_rivers_marsh, nzn_life_drinkers, uniq_azrael,
          uniq_roxanne
Temple:   hellmonk_temple_of_storms
Lair:1:   layout_roguey, chequers_serial_rivers_large_b, serial_bayou_shore_a,
          infiniplex_staircase_pool, uniq_joseph, uniq_gastronok
Lair:2:   layout_hall_layers, elwin_shoals_entry_stream,
          guppyfry_snake_entry_garden, gammafunk_ghost_split
Lair:3:   layout_gridlike, minmay_shattered_shrine
Lair:4:   beast_lair_carwin_large_3, layout_misc_corridors,
          minmay_slime_entry_pillars
Lair:5:   gammafunk_lair_ancient_temple, layout_regular_city,
          chequers_serial_rivers_room_a, evilmike_ambush
          [evilmike_ambush_outer_pillars, evilmike_ambush_inner_cross]
Shoals:1: layout_shoals, nicolae_shoals_water_shrine, uniq_mlioglotl
Shoals:2: layout_shoals, nicolae_shoals_water_elemental_grotto
Shoals:3: layout_shoals, nicolae_shoals_undead_eyrie
Shoals:4: shoals_end_grunt_ice, layout_shoals, shoal_ilsuiw
Snake:1:  layout_onion_interference, grunt_ministairs_10, lemuel_oklob_altar
Snake:2:  layout_layer_cave, serial_shops, shop, nicolae_stop_n_shop_1, shop,
          nicolae_lakefront_shop, nicolae_integral_box
Snake:3:  layout_misc_corridors, serial_library_regret_index_small_wings
Snake:4:  grunt_snake_rune_serpentine_throne, layout_cave_shapes,
          minmay_shoptagon, nicolae_triple_integral, uniq_mara, uniq_vashnia
Slime:1:  layout_caves
Orc:1:    layout_caves, serial_shops, nicolae_shop_back_alley_shop,
          nicolae_alphabet_shops, uniq_urug
Orc:2:    st_orc_congregation, layout_caves, nicolae_alphabet_shops,
          nicolae_orc_crystal_seam, nicolae_orc_flooded_monolith
Vaults:1: vaults_dpeg_emergency_exit, nicolae_vaults_little_squares_2,
          nicolae_vaults_doubleplus_tesselated, nicolae_vaults_more_shelving_1,
          vaults_room_corners, nicolae_vaults_diamond_1,
          layout_vaults_chaotic_city, serial_shops,
          nicolae_shop_advertising_works [nicolae_subvault_shop_adworks]
Vaults:2: nicolae_vaults_closet_pinwheel_5, v_misc_3,
          minmay_crypt_entry_simple_statues, v_pattern_4, st_spiral_rooms,
          serial_library_hellmonk_reading_circle,
          vaults_mumra_minichess_inversion, serial_library_hellmonk_semicircle,
          nicolae_vaults_variable_pillar_hall, layout_vaults_omnigrid,
          serial_shops, bzr_entry_water
Vaults:3: infiniplex_enter_wizlab_water, nicolae_vaults_double_plus_3,
          hangedman_vaults_unwind, vaults_dpeg_ring, grunt_vaults_trifunnel,
          nicolae_vaults_twisting_passages, ontoclasm_vaults_fault, v_misc_27,
          v_misc_11, nicolae_vaults_yaktaur_gun_rack, layout_vaults_omnicross,
          serial_shops, nicolae_shop_rolled_up, uniq_margery
Vaults:4: v_misc_25, grunt_vaults_swirl, v_rooms_6, v_misc_3, vaults_mumra_lcd,
          ontoclasm_vaults_shuriken, nicolae_vaults_closet_pinwheel_1,
          hangedman_vaults_impose, nicolae_vaults_little_squares_6,
          layout_vaults_ring
Vaults:5: uniq_frederick, uniq_xtahua
Crypt:1:  layout_chaotic_city, hangedman_crypt_dual_shrines, grunt_megastairs_3

Skill      XL: |  1  2  3  4  5  6  7  8  9 10 11 12 13 14 15 16 17 18 19 20 |
---------------+-------------------------------------------------------------+-----
Fighting       | 3 4 5 6 8 9 10 | 10.9
Shields        | 3 4 6 8 9 11 12 13 | 13.7
Unarmed Combat | 3 5 7 10 11 12 13 14 16 17 18 19 20 | 20.1
Armour         | 4 5 6 8 10 11 12 13 14 | 14.5
Dodging        | 2 4 5 6 8 9 11 12 13 14 | 14.4
Invocations    | 1 3 5 7 9 10 | 10.0
Evocations     | 2 |  2.6
Throwing       | 1 2 |  2.6
Ranged Weapons | 5 |  5.0

Action                     |  1- 3 |  4- 6 |  7- 9 | 10-12 | 13-15 | 16-18 | 19-21 || total
---------------------------+-------+-------+-------+-------+-------+-------+-------++-------
  Melee: Unarmed           |    93 |    78 |   236 |   501 |   857 |  1160 |   996 ||  3921
         Bite              |    20 |    18 |    57 |   175 |   396 |   505 |   444 ||  1615
   Fire: Sling             |       |       |       |       |       |       |     2 ||     2
  Throw: Dart              |       |       |     8 |     1 |     1 |    14 |     5 ||    29
         Stone             |       |       |       |       |       |     5 |       ||     5
 Invoke: Slouch            |       |       |       |       |     1 |     8 |    10 ||    19
  Evoke: Wand              |       |       |     6 |       |     8 |     9 |     5 ||    28
         Phantom mirror    |       |       |       |       |     1 |       |     1 ||     2
         Lightning rod     |       |       |       |       |       |     4 |     4 ||     8
         Sack of spiders   |       |       |       |       |       |     1 |     1 ||     2
    Use: Potion            |       |     1 |       |       |     3 |     3 |     4 ||    11
         Scroll            |       |    10 |     2 |     9 |    13 |     9 |    12 ||    55
   Stab: Sleeping          |       |       |       |     2 |     2 |       |       ||     4
         Distracted        |       |       |       |       |     2 |     1 |       ||     3
 Armour: Scale mail        |    55 |    46 |   163 |    20 |       |       |       ||   284
         Swamp dragon scal |       |       |     4 |   250 |   240 |    13 |       ||   507
         Fire dragon scale |       |       |       |       |    23 |       |       ||    23
         Crystal plate arm |       |       |       |       |   132 |   567 |   504 ||  1203
  Dodge: Dodged            |    36 |    31 |   109 |   233 |   353 |   535 |   576 ||  1873
  Block: Buckler           |    24 |    14 |    78 |    21 |    25 |       |       ||   162
         Kite shield       |       |       |       |   297 |   604 |  1137 |  1174 ||  3212
         Reflection        |       |       |       |       |       |    16 |   104 ||   120
